 Dungeon Crawl Stone Soup version 0.27-a0-1557-g57f10a385c (webtiles) character file.

Game seed: 7716073086865057519

41 nothank2 the Firebug (level 3, 0/23 (26) HPs)
             Began as a Draconian Fire Elementalist on July 16, 2021.
             Was an Initiate of Vehumet.
             Succumbed to an adder's poison
             ... on level 1 of the Dungeon.
             The game lasted 00:03:28 (1358 turns).

nothank2 the Firebug (Draconian Fire Elementalist)  Turns: 1358, Time: 00:03:29

HP:   0/23 (26)     AC:  5    Str: 10    XL:     3   Next: 32%
MP:   4/6           EV: 11    Int: 16    God:    Vehumet [......]
Gold: 19            SH:  5    Dex: 11    Spells: 5/6 levels left

rFire    . . .     SeeInvis .   a - +0 short sword
rCold    . . .     Faith    .   e - +2 buckler
rNeg     . . .     Spirit   .   (armour unavailable)
rPois    .         Reflect  .   (helmet restricted)
rElec    .         Harm     .   (no cloak)
rCorr    .         Rampage  .   (no gloves)
Will     .....                  (no boots)
Stlth    ++........             (no amulet)
HPRegen  0.07/turn              (no ring)
MPRegen  0.10/turn              (no ring)

@: brilliant, lethally poisoned (0 -> -4), heavily drained
A: AC +5, unfitting armour, cold-blooded
a: Renounce Religion


You were on level 1 of the Dungeon.
You worshipped Vehumet.
Vehumet was noncommittal.
You visited 1 branch of the dungeon, and saw 2 of its levels.

You collected 19 gold pieces.

Inventory:

Hand Weapons
 a - a +0 short sword (weapon)
Armour
 e - a +2 buckler (worn)
Scrolls
 b - 2 scrolls of identify {unknown}
 d - a scroll of summoning {unknown}
Potions
 c - 2 potions of brilliance


   Skills:
 - Level 1.7 Dodging
 - Level 1.7 Stealth
 + Level 1.6 Shields
 - Level 2.3 Spellcasting
 - Level 1.7 Conjurations
 - Level 3.3 Fire Magic


You had 5 spell levels left.
You knew the following spells:

 Your Spells              Type           Power      Damage    Failure   Level
a - Foxfire               Conj/Fire      60%        2x1d7     10%         1

Your spell library contained the following spells:

 Spells                   Type           Power      Damage    Failure   Level
 Conjure Flame            Conj/Fire      15%        6-21      28%         3
 Inner Flame              Hex/Fire       10%        N/A       38%         3
 Sticky Flame             Conj/Fire      15%        2d4       67%         4
 Fireball                 Conj/Fire      7%         3d5       95%         5


Dungeon Overview and Level Annotations

Branches:
Dungeon (2/15)

Altars:
Vehumet

Annotations:
D:2 Jessica, Terence


Innate Abilities, Weirdness & Mutations

Your plain brown scales are hard. (AC +5)
You cannot fit into any form of body armour.
You are cold-blooded and may be slowed by cold attacks.


Message History

The bat hits you but does no damage. You block the bat's attack.
The bat hits you but does no damage. You block the adder's attack.
The bat hits you but does no damage. The bat barely misses you.
The adder barely misses you.
There is a stone staircase leading up here.
The bat hits you but does no damage. The adder closely misses you.
You climb upwards.
There is a stone staircase leading down here.
You are too injured to fight recklessly!
Casting: Foxfire (safe; 10% risk of failure)
Press: ? - help, Q - select action Dir - look around, f - activate You conjure some foxfire!
The adder bites you.
You closely miss the adder.
The foxfire hits the adder.
The adder is moderately wounded.
The foxfire hits the adder.
The adder is almost dead.
You block the adder's attack. The adder barely misses you.
Casting: Foxfire (safe; 10% risk of failure)
Press: ? - help, Q - select action Dir - look around, f - activate You conjure some foxfire!
The adder bites you.
* * * LOW HITPOINT WARNING * * *
You are lethally poisoned!
The adder poisons you!
You completely miss the adder.
The adder is almost dead.
* * * LOW HITPOINT WARNING * * *
You feel sick.
The foxfire hits the adder.
The adder is almost dead.
The foxfire hits the adder.
You kill the adder!
Vehumet accepts your kill.
There is a lethal amount of poison in your body!
It was a potion of brilliance.
You feel clever all of a sudden.
* * * LOW HITPOINT WARNING * * *
You feel sick.
You die...

#.# #..# ##.## #..... ######.#
#..####...#####.....
#####...##.###..#....#.....#.....
..._#.[...........##...##..#...##
...÷#...##.#####..###.###..#...#.
÷...##...#.# #..# #.# #..#...#.
....####.#.#####..###.###.##...#.
÷.÷.#.....................##...#.
.8.#####.#.#####@.###.######'###'
#### #.#.....>......# #...#. #
#.#######..##### #...#.
########.# #)###########...#.
.#.......# #..........##...##
.#.#############..#######.##.....
.#.#####..........# #.##.....
.........#######..# #.##.....
.#.#####.# #..#######.#######


There were no monsters in sight!

Vanquished Creatures
  An adder (D:1)
  A dart slug (D:1)
  5 endoplasms (D:1)
  2 goblins (D:1)
  5 hobgoblins (D:1)
  2 jackals (D:1)
  4 kobolds (D:1)
  A quokka (D:1)
  A ball python (D:1)
  A bat (D:1)
  3 rats (D:1)
26 creatures vanquished.

Vanquished Creatures (others)
  32 foxfires
32 creatures vanquished.

Grand Total: 58 creatures vanquished

Notes
Turn   | Place    | Note
-------+----------+-------------------------------------------
     0 | D:1      | nothank2 the Draconian Fire Elementalist began the quest
                  | for the Orb.
     0 | D:1      | Reached XP level 1. HP: 14/14 MP: 3/3
   256 | D:1      | Reached XP level 2. HP: 20/20 MP: 3/5
   586 | D:1      | Found a faded altar of an unknown god.
   615 | D:1      | You fall into a shaft and drop 1 floor!
   615 | D:2      | Found a radiant altar of Vehumet.
   621 | D:2      | Became a worshipper of Vehumet
  1080 | D:1      | Reached skill level 1 in Shields
  1080 | D:1      | Reached XP level 3. HP: 18/26 MP: 6/6
  1283 | D:2      | Noticed Terence
  1328 | D:2      | Noticed Jessica
  1357 | D:1      | HP: 1/23 [poisoned by an adder]
  1358 | D:1      | Succumbed to an adder's poison

Illustrated notes

Levels and vault maps discovered:
D:1:      minmay_arrival_widening_spiral_wide, layout_loops_ring,
          shapermc_ecumenical_altar_pompeii, hex_tiny
D:2:      minmay_skewed_foursquare, layout_rooms, basic_altar, serial_forest,
          infiniplex_forest_lined_room_3, infiniplex_forest_clump_diagonal,
          infiniplex_forest_clump_cross, infiniplex_forest_clump_double,
          infiniplex_forest_straight_3, uniq_jessica, uniq_robin, uniq_terence

Skill      XL: |  1  2 |
---------------+-------+-----
Shields        | 1 |  1.6
Dodging        | |  1.7
Stealth        | |  1.7
Spellcasting   | |  2.3
Conjurations   | |  1.7
Fire Magic     | |  3.3

Action                   || total
-------------------------++-------
Melee: Short sword       ||    65
       Tailslap          ||     5
       Unarmed           ||     1
 Cast: Foxfire           ||    19
  Use: Potion            ||     1
 Stab: Sleeping          ||     2
Armor: Skin              ||    23
Dodge: Dodged            ||    38
Block: Buckler           ||    12

Table legend: (Time is in decaauts)
 A = Elapsed time spent in this place.
 B = Non-inter-level travel time spent in this place.
 C = Inter-level travel time spent in this place.
 D = Time resting spent in this place.
 E = Time spent auto-exploring this place.
 F = Levels seen in this place.
 G = Mean time per level.
                   A        B        C        D        E       F      G
               +--------+--------+--------+--------+--------+-----+--------+
         Total |   1366 |   1335 |     31 |      0 |   1060 |   2 |  683.0 |
       Dungeon |   1366 |   1335 |     31 |      0 |   1060 |   2 |  683.0 |
               +--------+--------+--------+--------+--------+-----+--------+

Top non-repeatable levels by time:
     D:1: 1257 daAuts
     D:2: 109 daAuts
